 Dungeon Crawl Stone Soup version 0.29.1-1-gd02db6906a (webtiles) character file.

Game seed: 1090750970937492082

23 tardwrangler69 the Digger (level 2, -1/17 HPs)
             Began as an Octopode Earth Elementalist on Oct 5, 2022.
             Slain by a jackal (2 damage)
             ... on level 2 of the Dungeon.
             The game lasted 00:00:36 (1692 turns).

tardwrangler69 the Digger (OpEE)                    Turns: 1692, Time: 00:00:37

Health: -1/17      AC:  1    Str:  7    XL:     2   Next: 95%
Magic:  0/5        EV: 13    Int: 17    God:
Gold:   40         SH:  0    Dex: 12    Spells: 5/6 levels left

rFire   . . .      SeeInvis .   (no weapon)
rCold   . . .      Faith    .   (no shield)
rNeg    . . .      Spirit   .   (helmet restricted)
rPois   .          Reflect  .   (no amulet)
rElec   .          Harm     .   (no ring)
rCorr   .          Rampage  .   (no ring)
Will    .....                   (no ring)
Stlth   +++.......              (no ring)
HPRegen 0.05/turn               (no ring)
MPRegen 0.09/turn               (no ring)
                                (no ring)
                                (no ring)

@: very slightly contaminated
A: almost no armour, amphibious, 8 rings, camouflage 1, gelatinous body 1,
(nimble swimmer 1), tentacles
a: no special abilities


You were on level 2 of the Dungeon.
You visited 1 branch of the dungeon, and saw 2 of its levels.

You collected 40 gold pieces.

Inventory:

Missiles
 e - a throwing net
Scrolls
 b - a scroll of acquirement {unknown}
 d - 2 scrolls of teleportation {unknown}
 h - a scroll of vulnerability {unknown}
Potions
 a - 2 potions of magic
 c - 2 potions of haste {unknown}
 f - a potion of degeneration {unknown}
 g - a potion of attraction {unknown}


   Skills:
 - Level 2.0 Dodging
 - Level 2.6 Stealth
 + Level 2.6 Spellcasting
 - Level 1.0 Transmutations
 + Level 3.5 Earth Magic


You had 5 spell levels left.
You knew the following spells:

 Your Spells              Type           Power      Damage    Failure   Level
a - Sandblast             Erth           28%        2d8       4%          1

Your spell library contained the following spells:

 Spells                   Type           Power      Damage    Failure   Level
 Passwall                 Tmut/Erth      8%         N/A       11%         2
 Stone Arrow              Conj/Erth      16%        3d8       26%         3
 Petrify                  Tmut/Erth      10%        N/A       56%         4


Dungeon Overview and Level Annotations

Branches:
Dungeon (2/15)

Altars:


Innate Abilities, Weirdness & Mutations

You cannot wear most types of armour.
You are amphibious.
You can wear up to eight rings at the same time.
Your skin changes colour to match your surroundings (Stealth+).
Your rubbery body absorbs attacks. (AC +1, EV +1)
((You are camouflaged when in or above water. (Stealth+)))
You have tentacles for arms and can constrict up to eight enemies at once.


Message History

Aim: a jackal (77% to hit)
You miscast Sandblast.
You are very lightly contaminated with residual magic.
Nothing appears to happen.
The jackal barks!
The bat hits you but does no damage. x2; The jackal closely misses you.
The bat hits you but does no damage.
You miss the bat. Your grab misses the bat. The bat closely misses you. x2
The jackal closely misses you. The jackal bites you.
Casting: Sandblast (safe; 4% risk of failure)
Confirm with . or Enter, or press ? or * to list all spells.
Aiming: Sandblast (safe; 4% risk of failure)
Press: ? - help, Shift-Dir - straight line, f/p - jackal
Aim: a jackal (77% to hit)
The blast of sand misses the jackal.
The blast of sand hits the jackal.
The jackal is lightly wounded.
The bat completely misses you. The jackal bites you. x2
You are too injured to fight recklessly!
Casting: Sandblast (safe; 4% risk of failure)
Confirm with . or Enter, or press ? or * to list all spells.
Aiming: Sandblast (safe; 4% risk of failure)
Press: ? - help, Shift-Dir - straight line, f/p - jackal
Aim: a jackal (77% to hit)
You miscast Sandblast.
Nothing appears to happen.
The bat hits you but does no damage. The jackal bites you.
* * * LOW HITPOINT WARNING * * *
The jackal barely misses you. The bat hits you.
* * * LOW HITPOINT WARNING * * *
The jackal completely misses you. The jackal misses you.
You are too injured to fight recklessly!
Casting: Sandblast (safe; 4% risk of failure)
Confirm with . or Enter, or press ? or * to list all spells.
Aiming: Sandblast (safe; 4% risk of failure)
Press: ? - help, Shift-Dir - straight line, f/p - jackal
Aim: a jackal (77% to hit)
The blast of sand hits the jackal but does no damage.
The bat hits you.
* * * LOW HITPOINT WARNING * * *
The bat completely misses you. The jackal bites you.
You die...

........##..#.[.....
##......##..#....# #
##.####..........# ##.#
########.### ##.#
########.#
...####........########.
........######..........
#.#.##..# #.#b###.#.
#.#.....# #.#@#
#.####.## #.#hh...#
#......# #.#h.......
######## #.#........
#.......?.. ####......#
....... .######


You could see 3 jackals and a bat.

Vanquished Creatures
  A bat (D:2)
  5 endoplasms (D:1)
  A giant cockroach (D:1)
  5 hobgoblins
  A ball python (D:1)
  4 kobolds (D:1)
  2 rats (D:1)
19 creatures vanquished.

Notes
Turn   | Place    | Note
-------+----------+-------------------------------------------
     0 | D:1      | tardwrangler69 the Octopode Earth Elementalist began the
                  | quest for the Orb.
     0 | D:1      | Reached XP level 1. HP: 11/11 MP: 3/3
   215 | D:1      | Reached XP level 2. HP: 5/17 MP: 1/5
   517 | D:1      | Found a faded altar of an unknown god.
  1692 | D:2      | Slain by a jackal

Illustrated notes

Levels and vault maps discovered:
D:1:      kennysheep_arrival_seaside, layout_basic,
          shapermc_ecumenical_altar_mp_highgroup, glass_columns_a,
          roderic_serpentine_path, roderic_lattice_a
D:2:      layout_loops_cross, basic_altar, due_unseen_surprise

Action                   || total
-------------------------++-------
Melee: Unarmed           ||     8
       Constrict         ||     1
 Cast: Sandblast         ||    25
Armor: Skin              ||     4
Dodge: Dodged            ||    16
